 Dungeon Crawl Stone Soup version 0.32-a0-576-g706899e69d (webtiles) character file.

Game seed: 11935862728555414523

7901 Sobieck the Skirmisher (level 11, 0/92 HPs)
             Began as a Coglin Hunter on Mar 1, 2024.
             Was a High Priest of Cheibriados.
             Slain by a death knight
             ... wielding a +3 glaive
              (12 damage)
             ... on level 9 of the Dungeon.
             The game lasted 00:13:28 (8365 turns).

Sobieck the Skirmisher (Coglin Hunter)              Turns: 8365, Time: 00:13:29

Health: 0/92       AC: 10    Str: 23    XL:     11   Next: 22%
Magic:  14/14      EV: 15    Int: 19    God:    Cheibriados [*****.]
Gold:   284        SH:  0    Dex: 33    Spells: 10/10 levels left

rFire   . . .        a - +3 sling (freeze) {Xiuhtonal}
rCold   . . .        d - +0 sling {Yeongsuk}
rNeg    . . .        y - +3 troll leather armour
rPois   .            (no helmet)
rElec   .            r - +0 cloak
rCorr   .            i - +2 pair of gloves
SInv    .            (no boots)
Will    .....        (amulet unavailable)
Stlth   ++           (ring unavailable)
HPRegen 1.15/turn    (ring unavailable)
MPRegen 0.14/turn    (no gizmo)

%: no passive effects
@: lethally poisoned (0 -> -8), about to teleport, revved, very slow
A: off-hand wielding, slow wielding, warmup strikes, no jewellery
a: Invent Gizmo, Renounce Religion, Bend Time, Temporal Distortion, Slouch, Step
From Time


You were on level 9 of the Dungeon.
You worshipped Cheibriados.
Cheibriados was extremely pleased with you.
You visited 1 branch of the dungeon, and saw 9 of its levels.

You collected 284 gold pieces.

Inventory:

Hand Weapons
 a - a +3 sling of freezing (weapon) {Xiuhtonal}
 d - a +0 sling (offhand) {Yeongsuk}
 j - the +2 flail "Hiyplem" {protect, Fly rPois}
   (You found it on level 6 of the Dungeon)

   rPois:     It protects you from poison.
   Fly:       It grants you flight.
Missiles
 Z - a throwing net
Armour
 c - a +1 leather armour
 i - a +2 pair of gloves (worn)
 q - +0 acid dragon scales
 r - a +0 cloak (worn)
 v - a scarf of invisibility
 y - a +3 troll leather armour (worn)
Wands
 p - a wand of warping (11)
 E - a wand of charming (13)
Scrolls
 b - a scroll of butterflies
 f - a scroll of immolation
 k - a scroll of amnesia {unknown}
 o - a scroll of vulnerability
 u - a scroll of fear
 T - 2 scrolls of teleportation
Potions
 e - 3 potions of enlightenment
 g - a potion of brilliance
 h - 2 potions of heal wounds
 l - 2 potions of resistance
 m - a potion of lignification
 n - a potion of attraction
 t - a potion of might {unknown}
 w - a potion of berserk rage {unknown}
 H - 2 potions of haste
 Q - a potion of curing


   Skills:
 + Level 10.4 Fighting
 - Level 12.0 Ranged Weapons
 - Level 3.0 Dodging
 - Level 0.7 Stealth
 + Level 4.1 Invocations


You had 10 spell levels left.
You didn't know any spells.
Your spell library contained the following spells:

 Spells                   Type           Power      Damage    Failure   Level
 Freeze                   Ice            0%         1d3       24%         1
 Ensorcelled Hibernation  Hex/Ice        0%         N/A       34%         2
 Lesser Beckoning         Tloc           0%         N/A       34%         2
 Frozen Ramparts          Ice            0%         1d1       56%         3
 Gell's Gravitas          Tloc           0%         N/A       56%         3
 Hailstorm                Conj/Ice       0%         3d5       56%         3
 Passwall                 Erth           0%         N/A       56%         3
 Swiftness                Air            0%         N/A       56%         3
 Teleport Other           Tloc           0%         N/A       56%         3


Dungeon Overview and Level Annotations

Branches:
Dungeon (9/15)             Temple (0/1) D:4
   Lair: D:8-11         Orc: D:9-12

Altars:
Cheibriados
Elyvilon
Gozag
Hepliaklqana
Kikubaaqudgha
Makhleb
Okawaru
Qazlal
Ru
Vehumet
Wu Jian
Xom
Zin

Shops:
D:3 (   D:6 :(

Annotations:
D:3 3 runed translucent doors, SacredChao's ghost, amateur CoBe


Innate Abilities, Weirdness & Mutations

You can wield a second weapon in your off-hand.
It takes a long time for you to wield or remove held weapons.
Your first few attacks do less damage.
You cannot equip rings or amulets.


Message History

You feel sick.
The killer bee stings you but does no damage.
The killer bee closely misses you. x2; The killer bee stings you.
You feel very sick.
The killer bee stings you but does no damage.
The killer bee misses you.
You shoot a sling bullet. The sling bullet hits the killer bee!
The sling bullet freezes the killer bee.
You kill the killer bee!
Cheibriados thoroughly appreciates the change of pace.
You shoot a sling bullet. The sling bullet misses the killer bee.
You feel sick.
You shoot a sling bullet.
The sling bullet barely misses the killer bee.
You shoot a sling bullet. The sling bullet hits the killer bee.
The killer bee is moderately wounded.
You feel sick.
The killer bee stings you but does no damage.
The killer bee stings you.
* * * LOW HITPOINT WARNING * * *
You shoot a sling bullet.
The sling bullet closely misses the killer bee.
You shoot a sling bullet. The sling bullet hits the killer bee.
The sling bullet freezes the killer bee.
The killer bee is heavily wounded.
You feel sick. The killer bee closely misses you.
The death knight hits you from afar with a +3 glaive!
* * * LOW HITPOINT WARNING * * *
The killer bee stings you.
* * * LOW HITPOINT WARNING * * *
You are more poisoned.
The killer bee poisons you!
As you read the scroll of teleportation, it crumbles to dust.
You feel strangely unstable.
You feel very sick. The killer bee stings you.
* * * LOW HITPOINT WARNING * * *
You are more poisoned.
The killer bee poisons you!
The death knight hits you from afar with a +3 glaive!!
* * * LOW HITPOINT WARNING * * *
The killer bee stings you.
* * * LOW HITPOINT WARNING * * *
Unknown command.
You feel very sick.
The killer bee stings you but does no damage.
The killer bee closely misses you.
The death knight hits you from afar with a +3 glaive!
You die...
Cheibriados appreciates the motionlessness of death.

#. ##.# # ##...
.# ..>###.#
#......#
#......#.#
#..††....# #...#
#.@.# .. ##y##
...####p##
......†).#
.........#
.........###
...##......####.#
.. ##.#.#.......#
. #....#..######


You could see a death knight and a killer bee.

Vanquished Creatures
  Pikel (D:4)
  Maurice (D:8)
  A cyclops (D:9)
  A troll (D:9)
  Grinder (D:4)
  Prince Ribbit (D:6)
  Sigmund (D:4)
  3 wyverns
  13 yaks (D:9)
  A wraith (D:9)
  A steam dragon (D:9)
  Edmund (D:4)
  An acid dragon (D:8)
  3 orc warriors
  4 ice beasts
  3 sky beasts
  2 lemures (D:4)
  5 centaurs
  A gnoll sergeant (D:6)
  3 bullfrogs
  3 scorpions
  8 killer bees
  4 howler monkeys
  An electric eel (D:6)
  A crimson imp (D:8)
  3 orc priests
  4 hounds
  A jelly (D:8)
  A gnoll bouda (D:4)
  3 sleepcaps
  3 iguanas
  2 orc wizards (D:3)
  5 adders
  11 gnolls
  A river rat (D:4)
  A shadow imp (D:7)
  A white imp (D:5)
  4 ufetubi (D:6)
  4 ribbon worms
  5 dart slugs (D:1)
  15 orcs
  6 ball pythons
  3 endoplasms
  2 giant cockroaches
  4 goblins
  4 hobgoblins
  5 jackals (D:1)
  3 quokkas
  8 bats
  2 frilled lizards
  5 kobolds
  6 rats
177 creatures vanquished.

Vanquished Creatures (others)
  A steam dragon (D:9)
1 creature vanquished.

Grand Total: 178 creatures vanquished

Notes
Turn   | Place    | Note
-------+----------+-------------------------------------------
     0 | D:1      | Sobieck the Coglin Hunter began the quest for the Orb.
     0 | D:1      | Reached XP level 1. HP: 16/16 MP: 1/1
   116 | D:1      | Reached XP level 2. HP: 22/22 MP: 2/2
   192 | D:1      | Reached skill level 4 in Ranged Weapons
   265 | D:1      | Reached XP level 3. HP: 28/28 MP: 3/3
   599 | D:1      | Found a faded altar of an unknown god.
   824 | D:2      | Found a snail-covered altar of Cheibriados.
   840 | D:2      | Became a worshipper of Cheibriados the Contemplative
  1197 | D:3      | Reached XP level 4. HP: 13/34 MP: 4/4
  1350 | D:3      | Reached skill level 3 in Fighting
  1350 | D:3      | Reached XP level 5. HP: 12/41 MP: 5/5
  1481 | D:3      | Found a runed translucent gate.
  1481 | D:3      | Found a runed translucent gate.
  1482 | D:3      | Found a runed translucent gate.
  1483 | D:3      | Noticed SacredChao's ghost (amateur CoBe)
  1483 | D:3      | Noticed a kobold brigand
  1498 | D:3      | Found a glowing silver altar of Zin.
  1517 | D:3      | Found a radiant altar of Vehumet.
  1678 | D:3      | Found Hynusewi's Antique Weapon Shop.
  1880 | D:3      | Reached * piety under Cheibriados
  2117 | D:4      | Reached skill level 5 in Ranged Weapons
  2117 | D:4      | Reached skill level 3 in Dodging
  2117 | D:4      | Reached XP level 6. HP: 27/47 MP: 6/6
  2271 | D:4      | Found a staircase to the Ecumenical Temple.
  2289 | D:4      | Found a shimmering altar of Xom.
  2320 | D:4      | Noticed Sigmund
  2330 | D:4      | Killed Sigmund
  2331 | D:4      | Reached skill level 6 in Ranged Weapons
  2331 | D:4      | Reached XP level 7. HP: 51/54 MP: 7/7
  2366 | D:4      | Noticed Grinder
  2422 | D:4      | Noticed Edmund
  2433 | D:4      | Noticed Pikel
  2537 | D:4      | Killed Edmund
  2758 | D:5      | Entered Level 5 of the Dungeon
  2762 | D:5      | Found a hazy altar of Hepliaklqana.
  2951 | D:5      | Found a sacrificial altar of Ru.
  2985 | D:5      | Found an opulent altar of Gozag.
  3132 | D:4      | Found a snail-covered altar of Cheibriados.
  3138 | D:4      | Reached skill level 7 in Ranged Weapons
  3301 | D:5      | Reached XP level 8. HP: 62/62 MP: 8/8
  3866 | D:6      | Identified the +2 flail "Hiyplem" {protect, Fly rPois}
  3974 | D:6      | Reached ** piety under Cheibriados
  4166 | D:6      | Reached skill level 8 in Ranged Weapons
  4231 | D:6      | Noticed Prince Ribbit
  4254 | D:6      | Killed Prince Ribbit
  4255 | D:6      | Reached skill level 6 in Fighting
  4329 | D:6      | Found Derineb's Antique Weapon Shoppe.
  4330 | D:6      | Found Uzekoc's Book Shop.
  4521 | D:6      | Reached skill level 9 in Ranged Weapons
  4521 | D:6      | Reached XP level 9. HP: 69/71 MP: 9/9
  5594 | D:7      | Reached *** piety under Cheibriados
  5992 | D:7      | Found an iron altar of Okawaru.
  6173 | D:8      | Found a stormy altar of Qazlal.
  6206 | D:8      | Reached skill level 10 in Ranged Weapons
  6271 | D:8      | Found an ornate altar of the Wu Jian Council.
  6280 | D:8      | Noticed Maurice
  6289 | D:8      | Killed Maurice
  6341 | D:8      | Reached XP level 10. HP: 80/80 MP: 10/10
  6597 | D:8      | Found a burning altar of Makhleb.
  6666 | D:8      | Found an ancient bone altar of Kikubaaqudgha.
  6693 | D:8      | Reached skill level 11 in Ranged Weapons
  7003 | D:4      | Killed Grinder
  7046 | D:4      | Killed Pikel
  7070 | D:4      | Reached **** piety under Cheibriados
  7116 | D:4      | Found a white marble altar of Elyvilon.
  7652 | D:9      | Reached skill level 9 in Fighting
  7914 | D:9      | Reached skill level 1 in Invocations
  7915 | D:9      | Reached skill level 12 in Ranged Weapons
  8031 | D:9      | Noticed a cyclops
  8038 | D:9      | Killed a cyclops
  8204 | D:9      | Reached XP level 11. HP: 90/90 MP: 11/13
  8205 | D:9      | Reached skill level 3 in Invocations
  8314 | D:9      | Reached ***** piety under Cheibriados
  8355 | D:9      | Noticed a death knight
  8365 | D:9      | Slain by a death knight

Illustrated notes

Levels and vault maps discovered:
D:1:      dpeg_arrival_boxorama, layout_basic,
          dreamdust_ecumenical_altar_angels_and_demons
D:2:      layout_rooms, basic_altar, minmay_misc_feat_room
D:3:      layout_basic, lemuel_round_altar, nicolae_vehumet_radiance,
          serial_shops, nicolae_shop_behind_doors,
          gammafunk_ghost_nasty_kobolds, amcnicky_mini_corridor_feature
D:4:      layout_cave_pools, elyvilon_altar_1, regret_index_xom_buried_treasure,
          cheibriados_altar_1, minmay_temple_entry_statues_fountains,
          portal_sewer_entry_c, uniq_sigmund, uniq_grinder, uniq_edmund,
          uniq_pikel
D:5:      layout_loops_ring, grunt_gozag_statues, mainiacjoe_overflow_paths,
          nicolae_hepliaklqana_hazy_memory, kennysheep_nub, grunt_ministairs_10,
          kennysheep_generic_room_11
D:6:      layout_layer_cave, nicolae_wooded_promenade, hex_medium,
          kennysheep_doodads, kennysheep_generic_room_16, uniq_prince_ribbit1
D:7:      layout_basic, pf_just_have_faith
D:8:      layout_gridville, mainiacjoe_overflow_boulevard,
          makhleb_grotto_becter, nicolae_qazlal_scattered_showers,
          kennysheep_mini_moat, uniq_maurice
D:9:      layout_basic, general_overflow_altar, minmay_bent

Skill      XL: |  1  2  3  4  5  6  7  8  9 10 11 |
---------------+----------------------------------+-----
Dodging        | 2 3 |  3.0
Ranged Weapons | 4 5 6 7 9 10 12 | 12.0
Fighting       | 3 4 5 6 8 9 10 | 10.4
Invocations    | 2 4 |  4.1
Stealth        | |  0.7

Action                     |  1- 3 |  4- 6 |  7- 9 | 10-12 || total
---------------------------+-------+-------+-------+-------++-------
   Fire: Sling             |   194 |   148 |   518 |   428 ||  1288
 Invoke: Bend Time         |       |       |     1 |       ||     1
    Use: Scroll            |       |     9 |    10 |     8 ||    27
         Potion            |       |     1 |       |     1 ||     2
 Armour: Leather armour    |    13 |    23 |    72 |       ||   108
         Acid dragon scale |       |       |     2 |    40 ||    42
         Troll leather arm |       |       |       |    36 ||    36
  Dodge: Dodged            |    10 |    17 |    69 |    54 ||   150

Table legend: (Time is in decaauts)
 A = Elapsed time spent in this place.
 B = Non-inter-level travel time spent in this place.
 C = Inter-level travel time spent in this place.
 D = Time resting spent in this place.
 E = Time spent auto-exploring this place.
 F = Levels seen in this place.
 G = Mean time per level.
                   A        B        C        D        E       F      G
               +--------+--------+--------+--------+--------+-----+--------+
         Total |  10731 |  10154 |    577 |   1474 |   7220 |   9 | 1192.3 |
       Dungeon |  10731 |  10154 |    577 |   1474 |   7220 |   9 | 1192.3 |
               +--------+--------+--------+--------+--------+-----+--------+

Top non-repeatable levels by time:
     D:6: 2479 daAuts
     D:4: 1383 daAuts
     D:8: 1271 daAuts
     D:5: 1152 daAuts
     D:9: 1097 daAuts
     D:3: 1005 daAuts
     D:7: 946 daAuts
     D:1: 770 daAuts
     D:2: 625 daAuts
